 Dungeon Crawl Stone Soup version 0.21-a0-401-g0b6bec4 (webtiles) character file.

59 riteheju the Sneak (level 3, -2/18 HPs)
             Began as a Spriggan Assassin on Oct 25, 2017.
             Killed from afar by an orc wizard (8 damage)
             ... with a puff of frost
             ... on level 3 of the Dungeon.
             The game lasted 00:04:59 (1311 turns).

riteheju the Sneak (Spriggan Assassin)              Turns: 1311, Time: 00:04:59

Health: -2/18      AC:  3    Str:  7    XL:     3   Next: 78%
Magic:  4/4        EV: 17    Int: 12    God:
Gold:   49         SH:  0    Dex: 18    Spells: 2/2 levels left

rFire    . . .     SeeInvis +   h - +1 short sword (protect)
rCold    . . .     Gourm    .   (shield restricted)
rNeg     . . .     Faith    .   c - +0 robe
rPois    .         Spirit   .   (helmet restricted)
rElec    .         Reflect  .   d - +0 cloak
rCorr    .         Harm     .   (gloves unavailable)
MR       .....     Rnd*Tele +   (boots unavailable)
Stlth    ++++......             (no amulet)
HPRegen  0.06/turn              t - ring of teleportation (curse)
MPRegen  0.09/turn              (no ring)

@: very quick
A: unfitting armour, see invisible, herbivore 3, speed 3, slow metabolism 2
a: no special abilities


You were on level 3 of the Dungeon.
You were not hungry.

You visited 1 branch of the dungeon, and saw 3 of its levels.

You collected 49 gold pieces.

Inventory:

Hand Weapons
 a - a +2 dagger
 b - a +0 blowgun
 h - a +1 short sword of protection (weapon)
Missiles
 e - 7 poisoned needles
 f - 2 curare-tipped needles
 k - 39 stones (quivered)
 o - 4 tomahawks
 p - 15 sling bullets
Armour
 c - a +0 robe (worn)
 d - a +0 cloak (worn)
Jewellery
 t - a cursed ring of teleportation (left hand)
Scrolls
 i - 4 scrolls of identify {unknown}
 m - a scroll of fog {unknown}
 n - 3 scrolls of remove curse {unknown}
 q - a scroll of random uselessness {unknown}
 s - a scroll of fear {unknown}
Potions
 j - 2 potions of agility {unknown}
Comestibles
 g - a bread ration
 l - a fruit
 r - a royal jelly


   Skills:
 - Level 1.5 Fighting
 + Level 3.1 Short Blades
 - Level 2.0 Throwing
 + Level 2.0 Dodging
 + Level 7.4 Stealth


You had 2 spell levels left.
You didn't know any spells.

Dungeon Overview and Level Annotations

Branches:
Dungeon (3/15)

Altars:

Shops:
D:2 *


Innate Abilities, Weirdness & Mutations

You are very small and have problems with some larger weapons.
You are too small for most types of armour.
You have supernaturally acute eyesight. (SInv)
You are a herbivore.
You cover ground extremely quickly.
You need consume almost no food.


Message History

The orc wizard closely misses you.
You hear a shout!
You hear an angry hiss.
You hear a shout!
Found a stone staircase leading down.
You barely miss the orc wizard.
The orc throws a tomahawk.
The tomahawk misses you.
The giant cockroach waves its antennae.
The orc wizard misses you.
You hit the orc wizard.
Your weapon exudes an aura of protection.
The orc wizard is moderately wounded.
The orc wizard gestures at you while chanting.
The magic dart hits you!
* * * LOW HITPOINT WARNING * * *
The orc throws a tomahawk.
The tomahawk barely misses you.
The orc throws a tomahawk.
The tomahawk closely misses you.
Things that are here:
a dagger; a goblin corpse The orc wizard gestures at you while chanting.
The puff of frost hits you!
You die...

#...s.#.##
#......so#
#.....##o#
.>... #.# #
##.o #.#)# #.
#.#.#
#..####.#.#
#......)..#
#[#####@..#####
.......<.......
#.#.####...#.#.
.$..... .#.....
.#..... .##....
.. #... ). #..


You could see an orc wizard, an orc and a giant cockroach.

Vanquished Creatures
  An adder (D:2)
  2 worms (D:2)
  3 dart slugs (D:1)
  A leopard gecko (D:2)
  2 giant cockroaches
  A goblin (D:3)
  4 hobgoblins
  7 kobolds
  A quokka (D:2)
  A ball python (D:2)
  6 bats
  3 frilled lizards
  7 rats
39 creatures vanquished.

Notes
Turn   | Place    | Note
-------+----------+-------------------------------------------
     0 | D:1      | riteheju the Spriggan Assassin began the quest for the Orb.
     0 | D:1      | Reached XP level 1. HP: 10/10 MP: 2/2
    59 | D:1      | Reached skill level 6 in Stealth
   119 | D:1      | Reached XP level 2. HP: 14/14 MP: 3/3
   563 | D:1      | Reached skill level 7 in Stealth
   790 | D:2      | Reached XP level 3. HP: 18/18 MP: 4/4
  1112 | D:2      | Found Zin's Purification Station.
  1311 | D:3      | Killed from afar by an orc wizard

Vault maps used:
D:1:      nzn_arrival_water_spiral, minmay_misc_feat_square
D:2:      zin_purify
D:3:      nrook_mini_backslash, minmay_misc_feat_diagonals

Skill      XL: |  1  2  3 |
---------------+----------+-----
Stealth        | 6 7 |  7.4
Short Blades   | 3 |  3.1
Dodging        | 2 |  2.0
Fighting       | |  1.5
Throwing       | |  2.0

Action                   || total
-------------------------++-------
Melee: Short sword       ||   115
 Fire: Blowgun           ||     1
Throw: Stone             ||     4
 Stab: Sleeping          ||    12
Armor: Robe              ||    22
Dodge: Dodged            ||    89

Table legend:
 A = Spawn XP
 B = Non-spawn XP
 C = Spawn XP percentage of total XP
 D = Spawn monster count
 E = Non-spawn monster count
 F = Spawn count percentage of total count
 G = Total turns spent on level
                    A         B        C        D         E        F      G
               +---------+---------+-------+---------+---------+-------+---------
         Total |       0 |      85 |   0.0 |       0 |      39 |   0.0 |  1311
               +---------+---------+-------+---------+---------+-------+---------
           D:1 |       0 |      39 |   0.0 |       0 |      23 |   0.0 |   990
           D:2 |       0 |      44 |   0.0 |       0 |      15 |   0.0 |   262
           D:3 |       0 |       2 |   0.0 |       0 |       1 |   0.0 |    59
               +---------+---------+-------+---------+---------+-------+---------
